 Dungeon Crawl Stone Soup version 0.25-a0-56-g68f8618 (webtiles) character file.

Game seed: 12488826948457131044, levelgen mode: deterministic

38516 vhaine the Brawler (level 13, -11/110 HPs)
             Began as a Troll Monk on Oct 25, 2019.
             Was the Champion of Cheibriados.
             Mangled by a spiny frog (21 damage)
             ... on level 1 of the Lair of Beasts.
             The game lasted 00:28:36 (11612 turns).

vhaine the Brawler (Troll Monk)                    Turns: 11612, Time: 00:28:37

Health: -11/110    AC: 11    Str: 41    XL:     13   Next: 64%
Magic:  6/21       EV: 11    Int: 32    God:    Cheibriados [******]
Gold:   726        SH:  0    Dex: 30    Spells: 12/12 levels left

rFire    . . .     SeeInvis +     - Unarmed
rCold    . . .     Gourm    +   (no shield)
rNeg     . . .     Faith    .   Q - +1 troll leather armour {Snorg}
rPois    +         Spirit   .   (helmet restricted)
rElec    .         Reflect  .   x - +1 cloak {rPois}
rCorr    .         Harm     .   (gloves unavailable)
MR       .....                  (boots unavailable)
Stlth    +++.......             (no amulet)
HPRegen  1.08/turn              q - ring of Xom's Bemusement {Int+4 Dex+3 Slay+5 Stlth+}
MPRegen  0.17/turn              M - ring of the Pharaoh's Fist {Int+7 SInv}

@: lethally poisoned (-11 -> -11), marked, very slow
A: large, unfitting armour, claws 3, fast metabolism 3, gourmand, regeneration
1, shaggy fur 1, tough skin 3
a: Bend Time, Temporal Distortion, Slouch, Step From Time, Renounce Religion


You were on level 1 of the Lair of Beasts.
You worshipped Cheibriados.
Cheibriados was exalted by your worship.
You were very full.

You visited 2 branches of the dungeon, and saw 14 of its levels.

You collected 865 gold pieces.
You spent 139 gold pieces at shops.

Inventory:

Hand Weapons
 u - the +8 fustibalus of Plague {velocity, rF++ rN+ MR+}
   (You found it on level 7 of the Dungeon)

   Any stone fired from it inflicts extra damage.
   It greatly protects you from fire.
   It protects you from negative energy.
   It affects your resistance to hostile enchantments.
Armour
 a - a +0 robe
 k - a +0 cloak
 n - a +0 cloak
 x - a +1 cloak of poison resistance (worn)
 Q - a +1 troll leather armour (worn) {Snorg}
Magical Staves
 s - an uncursed staff of wizardry {unknown}
Jewellery
 e - an uncursed amulet of guardian spirit
 l - an uncursed ring of protection from fire
 q - the ring of Xom's Bemusement (left claw) {Int+4 Dex+3 Slay+5 Stlth+}
   (You found it on level 6 of the Dungeon)

   [ring of stealth]

   It affects your intelligence (+4).
   It affects your dexterity (+3).
   It affects your accuracy and damage with ranged weapons and melee attacks
   (+5).
   It makes you more stealthy.
 E - an uncursed ring of see invisible
 M - the ring of the Pharaoh's Fist (right claw) {Int+7 SInv}
   (You found it on level 11 of the Dungeon)

   [ring of see invisible]

   It affects your intelligence (+7).
   It lets you see invisible.
 R - an uncursed ring of wizardry {unknown}
Wands
 p - a wand of flame (26)
 w - a wand of scattershot (4)
 A - a wand of iceblast (10)
 B - a wand of digging (3)
 C - a wand of acid (19)
 F - a wand of polymorph (4)
Scrolls
 f - 5 scrolls of remove curse
 g - a scroll of enchant weapon
 h - 4 scrolls of amnesia
 i - a scroll of identify
 o - 3 scrolls of teleportation
 v - 3 scrolls of vulnerability
 y - a scroll of holy word {unknown}
 z - a scroll of magic mapping
 K - a scroll of noise {unknown}
 N - 2 scrolls of blinking {unknown}
 P - a scroll of enchant armour
Potions
 c - a potion of might
 d - 3 potions of heal wounds
 j - 2 potions of curing
 m - a potion of flight
 r - a potion of ambrosia
 t - 2 potions of cancellation
 D - 2 potions of resistance
 G - a potion of agility {unknown}
 H - 3 potions of degeneration {unknown}
 I - a potion of haste {unknown}
 J - a potion of mutation {unknown}
 L - a potion of brilliance {unknown}
 O - a potion of lignification {unknown}
Comestibles
 b - 39 rations
 S - 9 chunks of flesh


   Skills:
 - Level 2.4 Fighting
 - Level 2.4 Dodging
 - Level 1.0 Stealth
 - Level 17.6 Unarmed Combat
 + Level 13.0 Invocations


You had 12 spell levels left.
You didn't know any spells.
Your spell library contained the following spells:

 Spells                   Type           Power        Failure   Level  Hunger
 Animate Skeleton         Necr           N/A          9%          1    ##.....
 Beastly Appendage        Tmut           #.....       9%          1    ##.....
 Freeze                   Ice            #...         9%          1    ##.....
 Pain                     Necr           #...         9%          1    ##.....
 Sticks to Snakes         Tmut           #.......     14%         2    ###....
 Throw Frost              Conj/Ice       #.....       14%         2    ###....
 Ozocubu's Armour         Chrm/Ice       #.......     26%         3    ####...
 Regeneration             Chrm/Necr      #.........   26%         3    ####...
 Spider Form              Tmut/Pois      #.........   26%         3    ####...
 Vampiric Draining        Necr           #.........   26%         3    ####...
 Animate Dead             Necr           N/A          65%         4    #####..
 Cause Fear               Hex            #.........   65%         4    #####..
 Ice Form                 Ice/Tmut       #.......     65%         4    #####..
 Summon Ice Beast         Ice/Summ       #.......     65%         4    #####..
 Throw Icicle             Conj/Ice       #.......     65%         4    #####..
 Blade Hands              Tmut           #.........   94%         5    ######.
 Silence                  Hex/Air        #.........   94%         5    ######.
 Yara's Violent Unravell  Hex/Tmut       #.........   94%         5    ######.
 Deflect Missiles         Chrm/Air       #.........   100%        6    #######
 Discord                  Hex            #.........   100%        8    #######


Dungeon Overview and Level Annotations

Branches:
Dungeon (13/15)            Temple (0/1) D:7            Lair (1/6) D:10
    Orc (0/2) D:10
 Vaults: D:13-14

Altars:
Ashenzari
Cheibriados
Elyvilon
Gozag
Nemelex Xobeh
Okawaru
Ru
Vehumet
Xom
Yredelemnul
Beogh

Shops:
D:10 *

Annotations:
D:9 3 runed translucent doors, dragoon's ghost, weakling SpMo
D:12 exclusion: oklob plant


Innate Abilities, Weirdness & Mutations

You are too large for most types of armour.
You have claws for hands.
Your metabolism is lightning-fast.
You like to eat raw meat.
Your natural rate of healing is unusually fast.
You are covered in fur. (AC +1)
You have extremely tough skin. (AC +3)


Message History

Cheibriados appreciates the change of pace.
You kill the rat!
Cheibriados thoroughly appreciates the change of pace.
You kill the river rat!
Cheibriados appreciates the change of pace.
You kill the blink frog!
Cheibriados thoroughly appreciates the change of pace.
You kill the blink frog!
Cheibriados thoroughly appreciates the change of pace.
You feel somewhat less full.
You feel sick. The blink frog hits you!
* * * LOW HITPOINT WARNING * * *
A river rat comes into view.
A komodo dragon comes into view.
The blink frog hits you.
* * * LOW HITPOINT WARNING * * *
You claw the blink frog!
You kill the blink frog!
Cheibriados appreciates the change of pace.
Your Invocations skill increases to level 13!
You feel sick. The spiny frog stings you!!
You die...

#..........# ..
#...#.<....## .l. #
####(.......#.÷. .rh..
###?...###..###††. PF/F#.
#...... ##........ ....†.
#.#....##.#......#
......##.H####.#........#
..(....†F................
#..#.†@####.#......#...
#..††.................
##.÷........#......#..
#..###...............
...#. #..^.##.#.....[.#
...♣♣♣ ♣#.####.#...##.#.
.♣≈ ♣♣# #......... .
........ .... ...


You could see a komodo dragon, a hippogriff, a spiny frog, 2 blink frogs, a wolf
and a river rat.

Vanquished Creatures
  Kirke (D:13)
  Snorg (D:12)
  Erolcha (D:9)
  Harold (D:7)
  A hydra (D:12)
  3 two-headed ogres
  An unseen horror (D:13)
  Pikel (D:8)
  2 cyclopes
  2 ugly things
  A deep elf mage (D:12)
  4 manticores
  Joseph (D:7)
  2 molten gargoyles (D:12)
  3 centaur skeletons
  A spiny frog (Lair:1)
  A rime drake (Lair:1)
  A kobold demonologist (D:11)
  A tengu conjurer (D:11)
  3 meliai (D:12)
  A queen bee (D:12)
  A hornet (D:10)
  7 blink frogs (Lair:1)
  4 hippogriffs
  Prince Ribbit (D:6)
  2 wyverns
  29 yaks
  4 hogs (D:13)
  2 basilisks (D:10)
  3 hungry ghosts
  Menkaure (D:7)
  Edmund (D:5)
  5 water moccasins
  5 porcupines
  3 ice beasts
  A slave (D:8)
  2 black bears
  4 orc warriors
  A sky beast (D:5)
  A wolf (Lair:1)
  An eye of draining (D:11)
  3 phantoms
  8 ogres
  9 centaurs
  4 crocodiles
  A big kobold (D:11)
  6 bullfrogs
  A gnoll sergeant (D:10)
  5 scorpions
  29 killer bees
  8 howler monkeys
  4 crimson imps
  5 hounds
  A centaur zombie (D:7)
  4 lava snakes (D:12)
  2 quasits (D:7)
  2 jellies
  2 bullfrog zombies
  6 orc priests
  8 orc wizards
  A bullfrog skeleton (D:11)
  Terence (D:2)
  6 iguanas
  9 worker ants
  A hound zombie (D:7)
  5 hound skeletons
  3 gnolls (D:8)
  A howler monkey skeleton (D:9)
  13 adders
  A river rat (Lair:1)
  3 shadow imps
  2 oozes
  An adder zombie (D:6)
  A worm (D:5)
  A dart slug (D:5)
  2 leopard geckos
  34 orcs
  3 bats
  5 giant cockroaches
  7 goblins
  7 hobgoblins
  6 quokkas
  2 ball pythons
  4 frilled lizards
  A giant cockroach zombie (D:5)
  9 kobolds
  3 rats
351 creatures vanquished.

Vanquished Creatures (others)
  A slave (D:8)
  A worker ant (D:8)
  A bush (D:10)
  5 fungi
  5 plants
13 creatures vanquished.

Grand Total: 364 creatures vanquished

Notes
Turn   | Place    | Note
-------+----------+-------------------------------------------
     0 | D:1      | vhaine the Troll Monk began the quest for the Orb.
     0 | D:1      | Reached XP level 1. HP: 22/22 MP: 0/0
   226 | D:1      | Reached XP level 2. HP: 29/29 MP: 1/1
   753 | D:2      | Noticed Terence
   762 | D:2      | Killed Terence
   762 | D:2      | Reached skill level 4 in Unarmed Combat
   762 | D:2      | Reached XP level 3. HP: 23/36 MP: 2/2
  1060 | D:2      | Found a white marble altar of Elyvilon.
  1330 | D:3      | Found a snail-covered altar of Cheibriados.
  1341 | D:3      | Became a worshipper of Cheibriados the Contemplative
  1341 | D:3      | Reached * piety under Cheibriados
  1341 | D:3      | Reached ** piety under Cheibriados
  1430 | D:3      | Reached XP level 4. HP: 44/44 MP: 3/3
  1479 | D:3      | Reached skill level 5 in Unarmed Combat
  2081 | D:4      | Reached XP level 5. HP: 30/50 MP: 4/4
  2083 | D:4      | Reached skill level 6 in Unarmed Combat
  2289 | D:4      | Found a roughly hewn altar of Beogh.
  2291 | D:4      | Reached XP level 6. HP: 47/59 MP: 5/5
  2303 | D:4      | Reached *** piety under Cheibriados
  2303 | D:4      | Reached skill level 7 in Unarmed Combat
  2577 | D:5      | Entered Level 5 of the Dungeon
  2606 | D:5      | Reached skill level 8 in Unarmed Combat
  2606 | D:5      | Reached XP level 7. HP: 63/66 MP: 6/6
  2733 | D:5      | You fall into a shaft and drop 1 floor!
  2802 | D:6      | Found a shimmering altar of Xom.
  2805 | D:6      | Found a radiant altar of Vehumet.
  2940 | D:6      | Reached skill level 9 in Unarmed Combat
  3016 | D:6      | Noticed Prince Ribbit
  3048 | D:6      | Killed Prince Ribbit
  3048 | D:6      | Reached XP level 8. HP: 31/74 MP: 1/7
  3176 | D:6      | Reached skill level 10 in Unarmed Combat
  3189 | D:6      | Got a transparent brass ring
  3194 | D:6      | Found a sacrificial altar of Ru.
  3689 | D:6      | Identified the ring of Xom's Bemusement {Int+4 Dex+3 Slay+5
                  | Stlth+} (You found it on level 6 of the Dungeon)
  3698 | D:7      | Reached **** piety under Cheibriados
  3746 | D:7      | Found a shattered altar of Ashenzari.
  3764 | D:7      | Reached skill level 11 in Unarmed Combat
  3803 | D:7      | Got a steaming fustibalus
  3877 | D:7      | Found a staircase to the Ecumenical Temple.
  3880 | D:7      | Noticed Menkaure
  3886 | D:7      | Killed Menkaure
  3938 | D:7      | Noticed Harold
  3948 | D:7      | Killed Harold
  3948 | D:7      | Reached skill level 12 in Unarmed Combat
  3948 | D:7      | Reached XP level 9. HP: 46/80 MP: 4/8
  3999 | D:7      | Noticed Joseph
  4011 | D:7      | Killed Joseph
  4011 | D:7      | Reached skill level 13 in Unarmed Combat
  4541 | D:8      | Reached ***** piety under Cheibriados
  4681 | D:8      | Noticed a two-headed ogre
  4687 | D:8      | Killed a two-headed ogre
  4687 | D:8      | Reached skill level 14 in Unarmed Combat
  4687 | D:8      | Reached XP level 10. HP: 82/88 MP: 9/9
  4833 | D:8      | Noticed Pikel
  4837 | D:8      | Killed Pikel
  5187 | D:8      | You fall into a shaft and drop 1 floor!
  5482 | D:5      | Reached skill level 15 in Unarmed Combat
  5888 | D:5      | Noticed Edmund
  5891 | D:5      | Killed Edmund
  6183 | D:9      | Found an opulent altar of Gozag.
  6318 | D:9      | Found an opulent altar of Gozag.
  6410 | D:9      | Found a runed translucent gate.
  6410 | D:9      | Found a runed translucent gate.
  6410 | D:9      | Found a runed translucent gate.
  6454 | D:9      | Noticed dragoon's ghost (weakling SpMo)
  6510 | D:9      | Noticed Erolcha
  6522 | D:9      | Killed Erolcha
  6522 | D:9      | Reached skill level 16 in Unarmed Combat
  6563 | D:9      | Found a sparkling altar of Nemelex Xobeh.
  6574 | D:9      | Reached XP level 11. HP: 65/94 MP: 10/10
  6681 | D:9      | Found an iron altar of Okawaru.
  6843 | D:10     | Entered Level 10 of the Dungeon
  6868 | D:10     | Identified the +8 fustibalus of Plague {velocity, rF++ rN+
                  | MR+} (You found it on level 7 of the Dungeon)
  6971 | D:10     | Found Xowk's Assorted Antiques.
  6981 | D:10     | Bought a green potion for 27 gold pieces
  6981 | D:10     | Bought an emerald potion for 27 gold pieces
  6981 | D:10     | Bought a scroll labeled XOCATU MUGO for 31 gold pieces
  6981 | D:10     | Bought a lumpy purple potion for 27 gold pieces
  6981 | D:10     | Bought a fizzy orange potion for 27 gold pieces
  6984 | D:10     | Reached XP level 12. HP: 104/104 MP: 10/17
  7178 | D:10     | Found a staircase to the Lair.
  7494 | D:10     | Reached ****** piety under Cheibriados
  7767 | D:10     | Reached skill level 17 in Unarmed Combat
  7779 | D:10     | Found a staircase to the Orcish Mines.
  7893 | D:10     | Noticed a two-headed ogre
  7898 | D:10     | Killed a two-headed ogre
  8888 | D:11     | Got a twitching tin ring
  8890 | D:11     | Identified the ring of the Pharaoh's Fist {Int+7 SInv} (You
                  | found it on level 11 of the Dungeon)
  9396 | D:12     | Noticed a six-headed hydra
  9406 | D:12     | Killed an eight-headed hydra
  9563 | D:12     | Reached skill level 10 in Invocations
  9986 | D:12     | Reached XP level 13. HP: 110/110 MP: 19/19
 10015 | D:12     | Found a basalt altar of Yredelemnul.
 10344 | D:12     | Noticed Snorg
 10351 | D:12     | Killed Snorg
 11287 | D:13     | Noticed Kirke
 11296 | D:13     | Killed Kirke
 11433 | Lair:1   | Entered Level 1 of the Lair of Beasts
 11609 | Lair:1   | HP: 5/110 [blink frog (9)]
 11612 | Lair:1   | Mangled by a spiny frog

Levels and vault maps discovered:
D:1:      dpeg_arrival_tiny_a, layout_loops_corners
D:2:      layout_basic, grunt_decor_arrowhead, elyvilon_altar_5, uniq_terence
D:3:      layout_loops_cross, lemuel_crystal_altar, serial_glass,
          glass_columns_b, glass_columns_a
D:4:      layout_rooms, first_ration, kennysheep_orc_chapel
D:5:      layout_loops_ring, dk_noncrumbling_4, grunt_tough_drop, uniq_edmund
D:6:      layout_basic, lemuel_crystal_altar, basic_altar,
          vehumet_altar_wand_db, uniq_prince_ribbit1
D:7:      layout_cave_pools, ashenzari_altar_1, minmay_temple_entry_mist,
          minmay_bent, uniq_harold, uniq_joseph, uniq_menkaure
D:8:      layout_basic, grunt_ogre_cave, uniq_pikel
D:9:      layout_cave_pools, nemelex_xobeh_ov_fountains_minmay,
          nicolae_overflow_crystal_walls, okawaru_ov_weapons_minmay,
          gammafunk_ghost_spectres, grunt_gozag_statues, uniq_erolcha
D:10:     minmay_s_stair_smasher, layout_loops_corners, minmay_lair_entry_grove,
          orc_0_dummy, serial_shops, nicolae_shop_overgrown_old_shop
D:11:     layout_long_grid
D:12:     cheibrodos_magma_flow, layout_long_grid, special_room
          [special_room_bee], serial_glass, glass_columns_b, glass_columns_c,
          glass_columns_a, glass_columns_c, glass_columns_a, glass_columns_a,
          glass_columns_b, glass_columns_a, chequers_serial_rivers_micro_b,
          roderic_lattice_a, minmay_misc_feat_rugged, lemuel_oklob_altar,
          uniq_snorg
D:13:     layout_irregular_city, grunt_ministairs_5, uniq_kirke
Lair:1:   layout_misc_corridors, chequers_serial_rivers_small_b,
          nicolae_quartered_pool_super, kennysheep_rathole, grunt_megastairs_5

Table legend:
 A = Non-vault XP
 B = Vault XP
 C = Vault XP percentage of total XP
 D = Non-vault monster count
 E = Vault monster count
 F = Vault count percentage of total count
                 A         B        C        D         E       F
            +---------+---------+-------+---------+---------+-------
      Total |   27911 |   15863 |  36.2 |     266 |      84 |  24.0
            +---------+---------+-------+---------+---------+-------
        D:1 |      23 |       0 |   0.0 |      14 |       0 |   0.0
        D:2 |      28 |      36 |  56.2 |       8 |       1 |  11.1
        D:3 |      58 |       0 |   0.0 |      14 |       0 |   0.0
        D:4 |     392 |      89 |  18.5 |      21 |       3 |  12.5
        D:5 |     621 |     208 |  25.1 |      12 |       3 |  20.0
        D:6 |     879 |     261 |  22.9 |      21 |       2 |   8.7
        D:7 |    1133 |    1695 |  59.9 |      18 |       8 |  30.8
        D:8 |    1899 |     759 |  28.6 |      25 |       2 |   7.4
        D:9 |    2145 |    1042 |  32.7 |      23 |       1 |   4.2
       D:10 |    3540 |    3102 |  46.7 |      21 |      20 |  48.8
       D:11 |    4068 |       0 |   0.0 |      30 |       0 |   0.0
       D:12 |    5338 |    4721 |  46.9 |      27 |      33 |  55.0
       D:13 |    3324 |    2914 |  46.7 |      11 |       5 |  31.2
     Lair:1 |    4463 |    1036 |  18.8 |      21 |       6 |  22.2
            +---------+---------+-------+---------+---------+-------
